 Dungeon Crawl Stone Soup version 0.24-a0-189-g5d897e9104 (webtiles) character file.

Game seed: 12318317653393062685

56 MrRokkomies the Sneak (level 3, -1/24 HPs)
             Began as an Octopode Assassin on Mar 17, 2019.
             Engulfed by a cloud of blessed fire (25 damage)
             ... on level 2 of the Dungeon.
             The game lasted 00:03:39 (1063 turns).

MrRokkomies the Sneak (Octopode Assassin)           Turns: 1063, Time: 00:03:40

Health: -1/24      AC:  1    Str: 10    XL:     3   Next: 97%
Magic:  3/3        EV: 13    Int: 13    God:
Gold:   138        SH:  0    Dex: 14    Spells: 2/2 levels left

rFire    . . .     SeeInvis .   a - +2 dagger (protect)
rCold    . . .     Gourm    .   (no shield)
rNeg     . . .     Faith    .   (helmet restricted)
rPois    .         Spirit   .   (no amulet)
rElec    .         Reflect  .   (no ring)
rCorr    .         Harm     .   (no ring)
MR       .....                  (no ring)
Stlth    ++........             (no ring)
HPRegen  0.08/turn              (no ring)
MPRegen  0.08/turn              (no ring)
                                (no ring)
                                (no ring)

@: glowing
A: almost no armour, stealthy swim, amphibious, 8 rings, constrict 8, camouflage
1, gelatinous body 1
a: no special abilities


You were on level 2 of the Dungeon.
You were hungry.

You visited 1 branch of the dungeon, and saw 2 of its levels.

You collected 138 gold pieces.

Inventory:

Hand Weapons
 a - a +2 dagger of protection (weapon)
 b - a +0 blowgun
Missiles
 c - 8 poisoned needles
 d - 2 curare-tipped needles
 h - 94 stones (quivered)
Scrolls
 g - a scroll of identify
 j - 2 scrolls of teleportation
 l - a scroll of enchant weapon {unknown}
 n - a scroll of fog {unknown}
Potions
 e - a potion of curing
 i - a potion of invisibility {unknown}
 k - 2 potions of might {unknown}
 m - a potion of brilliance {unknown}
Comestibles
 f - 7 rations


   Skills:
 - Level 2.0 Fighting
 * Level 3.0 Short Blades
 * Level 3.0 Throwing
 - Level 1.0 Dodging
 + Level 5.8 Stealth


You had 2 spell levels left.
You didn't know any spells.
Your spell library was empty.

Dungeon Overview and Level Annotations

Branches:
Dungeon (2/15)

Altars:
Yredelemnul
The Shining One


Innate Abilities, Weirdness & Mutations

You cannot wear most types of armour.
You are very stealthy in the water. (Stealth+)
You are amphibious.
You can wear up to eight rings at the same time.
You can use your tentacles to constrict eight enemies at once.
Your skin changes colour to match your surroundings (Stealth+).
Your rubbery body absorbs attacks. (AC +1, EV +1)


Message History

You now have 138 gold pieces (gained 11).
h - 94 stones (gained 22)
m - a cyan potion
n - a scroll labeled ASSUOC PIFUJI
Found a glowing golden altar of the Shining One.
Found a frilled lizard skeleton.
There is an open door here.
You open the door.
Found a basalt altar of Yredelemnul.
There is an open door here.
Press: ? - help, v - describe, . - travel, g - get item A twisted lead wand.
The floor.
This square is lit by a halo.
Unknown command.
You are feeling hungry.
Really walk into a travel-excluded area?
You are engulfed in blessed fire.
Ouch! That really hurt!
You die...

##### ##A## #####
##### #§.§# ###...#
#._.# ......# #§.@#
####..##### #...#
..##......# #§.§#
...........###...#
.#..........###'###
.##.........#.....###
#.##................#
##.#........#.....#.#
.###........###'###.#


You could see an angel.

Vanquished Creatures
  An ooze (D:2)
  A worm (D:2)
  A leopard gecko (D:2)
  3 giant cockroaches
  2 goblins (D:1)
  6 hobgoblins
  3 jackals
  8 bats
  5 frilled lizards
  7 kobolds
  10 rats
47 creatures vanquished.

Vanquished Creatures (others)
  A frilled lizard (D:2)
1 creature vanquished.

Grand Total: 48 creatures vanquished

Notes
Turn   | Place    | Note
-------+----------+-------------------------------------------
     0 | D:1      | MrRokkomies the Octopode Assassin began the quest for the
                  | Orb.
     0 | D:1      | Reached XP level 1. HP: 14/14 MP: 1/1
   117 | D:1      | Reached XP level 2. HP: 17/19 MP: 2/2
   600 | D:1      | Reached XP level 3. HP: 21/24 MP: 3/3
  1020 | D:2      | Found a glowing golden altar of the Shining One.
  1038 | D:2      | Found a basalt altar of Yredelemnul.
  1042 | D:2      | Noticed an angel
  1063 | D:2      | Engulfed by a cloud of blessed fire

Levels and vault maps discovered:
D:1:      dpeg_arrival_orchard, layout_loops_ring
D:2:      layout_rooms, grunt_temple_overflow_holy_war, minmay_cupped

Skill      XL: |  1  2  3 |
---------------+----------+-----
Throwing       | 3 |  3.0
Short Blades   | 3 |  3.0
Fighting       | |  2.0
Dodging        | |  1.0
Stealth        | |  5.8

Action                   || total
-------------------------++-------
Melee: Dagger            ||    81
       Constrict         ||    19
       Tentacles         ||     6
  Use: Scroll            ||     5
 Stab: Sleeping          ||    13
       Distracted        ||     1
Armor: Skin              ||    19
Dodge: Dodged            ||    35

Table legend:
 A = Non-vault XP
 B = Vault XP
 C = Vault XP percentage of total XP
 D = Non-vault monster count
 E = Vault monster count
 F = Vault count percentage of total count
                 A         B        C        D         E       F
            +---------+---------+-------+---------+---------+-------
      Total |      67 |      14 |  17.3 |      42 |       5 |  10.6
            +---------+---------+-------+---------+---------+-------
        D:1 |      34 |       0 |   0.0 |      23 |       0 |   0.0
        D:2 |      33 |      14 |  29.8 |      19 |       5 |  20.8
            +---------+---------+-------+---------+---------+-------
